 Dungeon Sprint DCSS version 0.23-a0-143-g1adec7b (webtiles) character file.

452892 Faca the Conqueror (level 19, 189/189 HPs)
             Began as a Formicid Fighter on Sept 1, 2018.
             Was the Champion of the Shining One.
             Escaped with the Orb!
             The game lasted 00:40:34 (4068 turns).

Faca the Conqueror (Formicid Fighter)               Turns: 4068, Time: 00:40:34

Health: 189/189    AC: 39    Str: 36    XL:     19   Next: 62%
Magic:  32/32      EV: 17    Int: 20    God:    the Shining One [******]
Gold:   0          SH: 39    Dex: 19    Spells: 18/18 levels left

rFire    + + .     SeeInvis +   r - +7 executioner's axe (holy)
rCold    + + .     Gourm    .   L - +18 shield of the Gong {rElec rN+ MR+ EV-5}
rNeg     + + +     Faith    .   D - +9 scales of the Dragon King {rPois rF+ rC+ MR+}
rPois    +         Spirit   .   (helmet unavailable)
rElec    +         Reflect  .   G - +0 cloak {MR+}
rCorr    .         Harm     .   k - +4 pair of gloves "Movvevong" {rPois Regen+ Int+4}
MR       +++++                  E - +0 pair of boots {run}
Stlth    ..........             q - amulet of Vodka {-Tele rPois Regen+ Dex+9 SInv}
HPRegen  1.21/turn              F - ring "Bujaikly" {rPois rF+ MR++ Str+4}
MPRegen  0.23/turn              j - ring "Ygoarucw" {rC+ Str+4 Int+7}

@: glowing, studying Stealth, quick
A: permanent stasis, dig shafts and tunnels, four strong arms, antennae 3,
deformed body, low mp 1
0: Orb of Zot
a: Dig, Divine Shield, Cleansing Flame, Summon Divine Warrior, Renounce Religion


You escaped.
You worshipped the Shining One.
The Shining One was exalted by your worship.
You were not hungry.

You visited 1 branch

Inventory:

Hand Weapons
 n - the +8 mithril axe "Arga" {speed, MR+}
   (You found it in the Dungeon)

   Attacks with this weapon are significantly faster.
   It affects your resistance to hostile enchantments.
 p - a +5 battleaxe of flaming
 r - a +7 executioner's axe of holy wrath (weapon)
 J - the +7 great mace "Firestarter" {inner flame, rF++}
   (You found it in the Dungeon)

   It has been specially enchanted to burn those struck by it, causing extra
   injury to most foes and up to half again as much damage against particularly
   susceptible opponents.
   It greatly protects you from fire.
Armour
 g - a scarf of repulsion
 k - the +4 pair of gloves "Movvevong" (worn) {rPois Regen+ Int+4}
   (You found it in the Dungeon)

   It affects your intelligence (+4).
   It protects you from poison.
   It increases your rate of regeneration.
 l - +5 gold dragon scales
 m - a +2 large shield of reflection
 w - the +2 shield of Resistance {rF+ rC+ MR+}
   (You found it in the Dungeon)

   It protects you from fire.
   It protects you from cold.
   It affects your resistance to hostile enchantments.
 D - the +9 scales of the Dragon King (worn) {rPois rF+ rC+ MR+}
   (You found it in the Dungeon)

   It protects you from fire.
   It protects you from cold.
   It protects you from poison.
   It affects your resistance to hostile enchantments.
 E - a +0 pair of boots of running (worn)
 G - a +0 cloak of magic resistance (worn)
 I - a +0 pair of boots of flying
 K - the +15 Maxwell's patent armour {-Cast -Tele rElec MR+ rCorr}
   (You found it in the Dungeon)

   It insulates you from electricity.
   It affects your resistance to hostile enchantments.
   It prevents spellcasting.
   It prevents most forms of teleportation.
   It provides partial protection from all sources of acid and corrosion.
 L - the +18 shield of the Gong (worn) {rElec rN+ MR+ EV-5}
   (You found it in the Dungeon)

   It affects your evasion (-5).
   It insulates you from electricity.
   It protects you from negative energy.
   It affects your resistance to hostile enchantments.
 N - a scarf of cloud immunity
Jewellery
 h - the amulet of the Air {Inacc +Fly rElec EV+5 RMsl}
   (You found it in the Dungeon)

   [amulet of inaccuracy]

   It reduces the accuracy of all your attacks.
   It affects your evasion (+5).
   It insulates you from electricity.
   It lets you fly.
   It protects you from missiles.
 j - the ring "Ygoarucw" (right hand) {rC+ Str+4 Int+7}
   (You found it in the Dungeon)

   [ring of strength]

   It affects your strength (+4).
   It affects your intelligence (+7).
   It protects you from cold.
 o - the ring of Phasing {EV+8}
   (You took it off a yaktaur in the Dungeon)

   [ring of evasion]

   It affects your evasion (+8).
 q - the amulet of Vodka (around neck) {-Tele rPois Regen+ Dex+9 SInv}
   (You found it in the Dungeon)

   [amulet of regeneration]

   It affects your dexterity (+9).
   It protects you from poison.
   It lets you see invisible.
   It prevents most forms of teleportation.
   It increases your rate of regeneration.
 z - the ring of the Three Cities {rPois rF+ rC+ MR+}
   (You found it in the Dungeon)

   [ring of protection from cold]

   It protects you from fire.
   It protects you from cold.
   It protects you from poison.
   It affects your resistance to hostile enchantments.
 F - the ring "Bujaikly" (left hand) {rPois rF+ MR++ Str+4}
   (You found it in the Dungeon)

   [ring of protection from fire]

   It affects your strength (+4).
   It protects you from fire.
   It protects you from poison.
   It affects your resistance to hostile enchantments.
 H - the ring of Cheibriados's Favour {+Blink rF+ Int+5 Dex+4 Slay+2 SInv}
   (You found it in the Dungeon)

   [ring of see invisible]

   It affects your intelligence (+5).
   It affects your dexterity (+4).
   It affects your accuracy and damage with ranged weapons and melee attacks
   (+2).
   It protects you from fire.
   It lets you see invisible.
   It lets you blink.
 O - an uncursed ring of protection from cold
 P - an uncursed ring of protection from magic
Wands
 y - a wand of disintegration (7)
 B - a wand of iceblast (7)
 C - a wand of acid (7)
Scrolls
 a - 10 scrolls of brand weapon
 b - 5 scrolls of fog
 c - 3 scrolls of holy word
 s - 3 scrolls of identify
 t - 5 scrolls of remove curse
 u - 2 scrolls of fear
Potions
 d - 8 potions of might
 e - 7 potions of curing
 i - 7 potions of magic
 v - 2 potions of brilliance
 x - 3 potions of resistance
 A - 4 potions of agility
Books
 M - a manual of Stealth
Comestibles
 f - 5 rations


   Skills:
 O Level 27 Fighting
 O Level 27 Axes
 + Level 25.3 Armour
 + Level 19.8 Dodging
 O Level 27 Shields
 O Level 27 Invocations


You had 18 spell levels left.
You didn't know any spells.
Your spell library was empty.

Dungeon Overview and Level Annotations

Branches:
Dungeon (1/1)

Altars:
Ashenzari
Cheibriados
Dithmenos
Elyvilon
Fedhas
Gozag
Hepliaklqana
Kikubaaqudgha
Makhleb
Nemelex Xobeh
Okawaru
Qazlal
Ru
Sif Muna
Trog
Uskayaw
Vehumet
Wu Jian
Xom
Yredelemnul
Zin
The Shining One
Beogh
Jiyva
Lugonu


Innate Abilities, Weirdness & Mutations

You cannot be hasted, slowed, berserked, paralysed or teleported.
You can dig through walls and to a lower floor.
Your four strong arms can wield two-handed weapons with a shield.
You have a pair of large antennae on your head. (SInv)
Armour fits poorly on your strangely shaped body.
Your magical capacity is low. (-10% MP)


Message History

You see here a book of Annihilations.
P - an uncursed ring of protection from magic You see here a +2 pair of gloves of archery.
You see here a Fen Folio.
You see here a +2 battleaxe of freezing.
You see here a crystal ball of energy.
You see here a lamp of fire.
You see here a fan of gales.
You see here an uncursed staff of earth.
There is a transporter here.
An exit appears before you!
You enter the transporter and appear at another place.
Found the Orb of Zot.
Found a staircase leading out of the dungeon.
You see here the Orb of Zot.
You pick up the Orb of Zot!
The Orb lets out a hideous shriek!
The lords of Pandemonium are not amused.
Beware!
Now all you have to do is get back out of the dungeon!
There is a staircase leading out of the dungeon here.
You have escaped!

............▓.............▓...8©8
............▓..▓.......▓..▓..[|:|
............▓†.†..........▓..|)})
............▓.............▓......
............▓.†)...©......▓......
............▓▓▓▓▓▓▓▓▓▓▓▓▓▓▓......
▓.......▓...▓8888888888888▓......
▓▓.....▓▓▓†.▓8...........8▓..▓...
▓.......▓††.▓8§§@.....©..8▓.▓....
.....†..††÷†▓8...........8▓....©.
....©.......▓8888888888888▓▓▓▓▓▓▓
▓▓▓▓▓▓▓▓▓▓▓▓▓▓▓▓▓▓▓▓▓▓▓▓▓▓▓▓▓▓▓▓▓
.....8©8........▓........8©8.....
|}[}))))}}=.}.}.▓.)"[|[)):})|[.)=
)})}[:)=[)[)|}).▓.|:::[|=||)):|:[
===}:})=)}.}..).▓.)[.|.)[:}))[|=:
................▓.......)=:)|....


There were no monsters in sight!

Vanquished Creatures
  5 liches (D)
  An iron giant (D)
  A deep elf blademaster (D)
  8 quicksilver dragons (D)
  4 acid blobs (D)
  2 deep elf master archers (D)
  6 shadow dragons (D)
  A fire giant (D)
  10 azure jellies (D)
  A deep elf sorcerer (D)
  A balrug (D)
  A ghost moth (D)
  5 iron dragons (D)
  2 ghouls (D)
  9 reapers (D)
  11 stone giants (D)
  A vampire knight (D)
  An entropy weaver (D)
  A deep elf annihilator (D)
  2 dire elephants (D)
  4 merfolk javelineers (D)
  3 spark wasps (D)
  11 death oozes (D)
  2 blizzard demons (D)
  4 merfolk impalers (D)
  2 mummy priests (D)
  4 fire dragons (D)
  3 great orbs of eyes (D)
  7 crystal guardians (D)
  4 yaktaur captains (D)
  4 hydras (D)
  18 vault guards (D)
  2 catoblepae (D)
  2 merfolk aquamancers (D)
  A satyr (D)
  8 hell hogs (D)
  2 vampire magi (D)
  A fire crab (D)
  10 iron golems (D)
  6 skeletal warriors (D)
  2 sea snakes (D)
  A flayed ghost (D)
  9 deep elf archers (D)
  3 necromancers (D)
  A harpy (D)
  4 wolf spiders (D)
  A shining eye (D)
  2 ugly things (D)
  A manticore (D)
  2 deep elf magi (D)
  2 elephants (D)
  4 black mambas (D)
  A merfolk siren (D)
  10 rust devils (D)
  6 eyes of devastation (D)
  17 spiny frogs (D)
  3 hellions (D)
  4 gargoyles (D)
  6 freezing wraiths (D)
  2 efreet (D)
  2 demonic crawlers (D)
  7 komodo dragons (D)
  6 ice devils (D)
  4 yaktaurs (D)
  6 tormentors (D)
  2 rime drakes (D)
  A red devil (D)
  5 hornets (D)
  A polar bear (shapeshifter) (D)
  3 polar bears (D)
  4 jumping spiders (D)
  4 hippogriffs (D)
  A blink frog (D)
  17 slime creatures (D)
  A flying skull (D)
  2 vampires (D)
  2 redbacks (D)
  6 spriggans (D)
  An air elemental (D)
  A water elemental (D)
  A tarantella (D)
  5 shadows (D)
  7 fire elementals (D)
  4 wraiths (D)
  9 yaks (D)
  A wyvern (D)
  8 golden eyes (D)
  12 water moccasins (D)
  A swamp drake (D)
  2 floating eyes (D)
  6 hell hounds (D)
  6 ice beasts (D)
  An eye of draining (shapeshifter) (D)
  4 black bears (D)
  A necrophage (D)
  3 eyes of draining (D)
  4 wolves (D)
  11 crocodiles (D)
  15 earth elementals (D)
  6 wights (D)
  14 jellies (D)
  3 iron imps (D)
  A hell rat (D)
  3 mummies (D)
  2 white imps (D)
  2 oozes (D)
  6 adder zombies (D)
  3 adder skeletons (D)
  2 adder simulacra (D)
  3 bat skeletons (D)
  10 bat zombies (D)
  2 ball python zombies (D)
  2 giant cockroach zombies (D)
  A jackal skeleton (D)
  A jackal zombie (D)
  A leopard gecko skeleton (D)
  4 leopard gecko zombies (D)
  2 quokka skeletons (D)
  4 quokka zombies (D)
  3 fire vortices (D)
504 creatures vanquished.

Vanquished Creatures (collateral kills)
  2 reapers (D)
  A rust devil (D)
  A hell hound (D)
4 creatures vanquished.

Vanquished Creatures (others)
  A reaper (D)
  A deep elf mage (D)
  An efreet (D)
  A tormentor (D)
  A red devil (D)
  A wraith (D)
  A jelly (D)
  An iron imp (D)
  An adder skeleton (D)
  4 adder zombies (D)
  3 bat skeletons (D)
  2 bat zombies (D)
  A leopard gecko zombie (D)
19 creatures vanquished.

Grand Total: 527 creatures vanquished

Notes
Turn   | Place    | Note
-------+----------+-------------------------------------------
     0 | D        | Found the +6 Majin-Bo {vamp, Archmagi MP+6 Int+6}
     0 | D        | Found the +7 great mace "Firestarter" {inner flame, rF++}
     0 | D        | Faca the Formicid Fighter began the quest for the Orb.
     0 | D        | Reached XP level 1. HP: 18/18 MP: 1/1
     3 | D        | Found a blossoming altar of Fedhas.
     5 | D        | Found a viscous altar of Jiyva.
     5 | D        | Found a hazy altar of Hepliaklqana.
     5 | D        | Found a transporter.
     5 | D        | Found an opulent altar of Gozag.
     5 | D        | Found an ancient bone altar of Kikubaaqudgha.
     5 | D        | Found a corrupted altar of Lugonu.
    33 | D        | Found a burning altar of Makhleb.
    34 | D        | Found a sacrificial altar of Ru.
    34 | D        | Found a stormy altar of Qazlal.
    34 | D        | Found a deep blue altar of Sif Muna.
    34 | D        | Found an iron altar of Okawaru.
    34 | D        | Found a bloodstained altar of Trog.
    34 | D        | Found a sparkling altar of Nemelex Xobeh.
    51 | D        | Found the +6 shillelagh "Devastator" {shatter}
    51 | D        | Found the +11 plutonium sword {*Contam Stlth-}
    51 | D        | Found the +8 lance "Wyrmbane" {slay drac, rPois rF+ rC+
                  | AC+3}
    51 | D        | Found the +9 sword of Zonguldrok {reap}
    51 | D        | Found the cursed +13 scythe of Curses {drain, *Curse}
    51 | D        | Found the +0 sword of Power
    51 | D        | Found the +7 mace of Variability {chain chaos}
    51 | D        | Found the +7 Singing Sword
    51 | D        | Found the +7 longbow "Piercer" {penet, EV-2}
    53 | D        | Found the +9 heavy crossbow "Sniper" {velocity, Acc+∞ SInv}
    53 | D        | Found the +10 dark maul {crush}
    53 | D        | Found the +15 Maxwell's patent armour {-Cast -Tele rElec
                  | MR+ rCorr}
    53 | D        | Found the +18 shield of the Gong {rElec rN+ MR+ EV-5}
    53 | D        | Found the cursed +14 obsidian axe {chop, +Fly SInv *Curse}
    76 | D        | Became a worshipper of the Shining One
   102 | D        | Reached XP level 2. HP: 24/24 MP: 2/2
   108 | D        | Entered arena 2.
   108 | D        | Noticed a rime drake
   108 | D        | Noticed a swamp drake
   108 | D        | Found a transporter.
   119 | D        | Killed a swamp drake
   119 | D        | Reached XP level 3. HP: 19/35 MP: 3/3
   119 | D        | Reached XP level 4. HP: 23/41 MP: 4/4
   119 | D        | Reached XP level 5. HP: 26/47 MP: 5/5
   126 | D        | Killed a rime drake
   126 | D        | Reached XP level 6. HP: 27/60 MP: 6/6
   290 | D        | Entered arena 3.
   290 | D        | Noticed an eye of draining
   290 | D        | Noticed a golden eye
   290 | D        | Reached * piety under the Shining One
   290 | D        | Found a transporter.
   294 | D        | Reached skill level 10 in Fighting
   294 | D        | Reached XP level 7. HP: 66/66 MP: 2/7
   300 | D        | Killed a golden eye
   312 | D        | Got the amulet of Jaewk {Regen+ Str+3 Int+3}
   373 | D        | Entered arena 4.
   373 | D        | Noticed a polar bear
   373 | D        | Reached ** piety under the Shining One
   373 | D        | Found a transporter.
   379 | D        | Reached XP level 8. HP: 76/76 MP: 8/8
   381 | D        | Killed a polar bear
   391 | D        | Entered arena 5.
   391 | D        | Noticed a brown ugly thing
   391 | D        | Noticed a rime drake
   391 | D        | Noticed a red ugly thing
   391 | D        | Found a transporter.
   398 | D        | Noticed a polar bear
   398 | D        | a rime drake changed into a polar bear
   400 | D        | Killed a brown ugly thing
   400 | D        | Reached skill level 5 in Armour
   400 | D        | Reached XP level 9. HP: 29/85 MP: 0/9
   401 | D        | Killed a red ugly thing
   408 | D        | HP: 2/86 [polar bear (shapeshifter) (20)]
   410 | D        | Killed a polar bear
   546 | D        | Entered arena 6.
   546 | D        | Noticed a mummy priest
   546 | D        | Reached *** piety under the Shining One
   546 | D        | Noticed a mummy priest
   546 | D        | Reached **** piety under the Shining One
   546 | D        | Found a transporter.
   553 | D        | Noticed a jiangshi
   553 | D        | Noticed a freezing wraith
   553 | D        | Reached ***** piety under the Shining One
   555 | D        | Killed a mummy priest
   555 | D        | Reached skill level 15 in Axes
   555 | D        | Reached XP level 10. HP: 55/95 MP: 10/10
   562 | D        | Killed a mummy priest
   562 | D        | Reached skill level 15 in Fighting
   562 | D        | Reached skill level 10 in Armour
   562 | D        | Noticed a soul eater
   615 | D        | Entered arena 7.
   615 | D        | Noticed a deep elf mage
   615 | D        | Noticed a deep elf archer
   615 | D        | Noticed a deep elf archer
   615 | D        | Noticed a deep elf archer
   615 | D        | Noticed a deep elf archer
   618 | D        | Killed a deep elf mage
   622 | D        | Found a transporter.
   625 | D        | Killed a deep elf archer
   627 | D        | Killed a deep elf archer
   633 | D        | Killed a deep elf archer
   633 | D        | Reached XP level 11. HP: 80/104 MP: 11/11
   640 | D        | Killed a deep elf archer
   684 | D        | Entered arena 8.
   684 | D        | Noticed a spriggan rider
   684 | D        | Reached ****** piety under the Shining One
   685 | D        | Reached skill level 1 in Invocations
   694 | D        | Reached skill level 5 in Shields
   695 | D        | Found a transporter.
   714 | D        | Got the ring "Ygoarucw" {rC+ Str+4 Int+7}
   719 | D        | Got the ring "Boal" {rC+ Dex+4}
   726 | D        | Entered arena 9.
   726 | D        | Noticed a spriggan rider
   726 | D        | Noticed a spriggan rider
   727 | D        | Found the +8 demon blade "Leech" {vamp, rN+ AC-3 EV-3}
   733 | D        | Reached skill level 5 in Invocations
   735 | D        | Found a transporter.
   763 | D        | Entered arena 10.
   764 | D        | Found the +10 zealot's sword {holy, *Rage rN+ EV+3}
   780 | D        | Found a transporter.
   895 | D        | Entered arena 11.
   896 | D        | Found the +8 mithril axe "Arga" {speed, MR+}
   925 | D        | Found a transporter.
   935 | D        | Entered arena 12.
   935 | D        | Noticed a blizzard demon
   935 | D        | Noticed a skeletal warrior
   944 | D        | Killed a skeletal warrior
   944 | D        | Reached skill level 10 in Shields
   949 | D        | Killed a blizzard demon
   949 | D        | Reached skill level 10 in Invocations
   949 | D        | Reached XP level 12. HP: 113/113 MP: 19/19
   950 | D        | Noticed a skeletal warrior
   954 | D        | Found a transporter.
   964 | D        | Killed a skeletal warrior
   976 | D        | Entered arena 13.
   992 | D        | Found a transporter.
  1085 | D        | Entered arena 14.
  1099 | D        | Noticed a blizzard demon
  1115 | D        | Killed a blizzard demon
  1132 | D        | Found a transporter.
  1140 | D        | Got the amulet of Vodka {-Tele rPois Regen+ Dex+9 SInv}
  1144 | D        | Got the cursed ring "Ucept" {rPois rC- Str-6 Dex+6}
  1157 | D        | Entered arena 15.
  1163 | D        | Noticed an acid blob
  1168 | D        | Noticed a death ooze
  1173 | D        | Killed an acid blob
  1180 | D        | Killed a death ooze
  1218 | D        | Noticed a death ooze
  1218 | D        | Noticed an azure jelly
  1218 | D        | Noticed a death ooze
  1228 | D        | Killed an azure jelly
  1228 | D        | Reached XP level 13. HP: 122/122 MP: 21/23
  1229 | D        | Killed a death ooze
  1238 | D        | Killed a death ooze
  1240 | D        | Found a transporter.
  1262 | D        | Entered arena 16.
  1267 | D        | Noticed a deep elf master archer
  1267 | D        | Noticed a deep elf annihilator
  1267 | D        | Noticed a deep elf sorcerer
  1267 | D        | Noticed a deep elf master archer
  1268 | D        | Noticed a deep elf blademaster
  1270 | D        | Identified the +4 falchion "Vulyfugune" {flame, Str+5
                  | Dex+2}
  1278 | D        | Killed a deep elf master archer
  1278 | D        | Reached skill level 15 in Shields
  1281 | D        | Killed a deep elf sorcerer
  1285 | D        | Killed a deep elf blademaster
  1285 | D        | Reached skill level 15 in Invocations
  1286 | D        | Killed a deep elf annihilator
  1288 | D        | Killed a deep elf master archer
  1301 | D        | Found the +8 demon blade "Bloodbane" {slice, *Rage +Rage
                  | Stlth-}
  1303 | D        | Found a transporter.
  1433 | D        | Entered arena 17.
  1442 | D        | Noticed a death ooze
  1442 | D        | Noticed a death ooze
  1443 | D        | Found the +2 shield of Resistance {rF+ rC+ MR+}
  1450 | D        | Killed a death ooze
  1453 | D        | Killed a death ooze
  1457 | D        | Reached XP level 14. HP: 132/133 MP: 25/25
  1498 | D        | Noticed an acid blob
  1499 | D        | Found a transporter.
  1510 | D        | Killed an acid blob
  1520 | D        | Reached skill level 15 in Armour
  1558 | D        | Entered arena 18.
  1623 | D        | Got the ring of Kide {rC+ EV+4}
  1760 | D        | Found a transporter.
  1780 | D        | Entered arena 19.
  1788 | D        | Noticed a spark wasp
  1788 | D        | Noticed a ghost moth
  1788 | D        | Noticed a spark wasp
  1788 | D        | Noticed a spark wasp
  1789 | D        | Killed a spark wasp
  1792 | D        | Noticed an entropy weaver
  1798 | D        | Killed a spark wasp
  1804 | D        | Killed a spark wasp
  1804 | D        | Reached XP level 15. HP: 61/144 MP: 0/26
  1805 | D        | Killed a ghost moth
  1920 | D        | Found a transporter.
  1939 | D        | Entered arena 20.
  2007 | D        | Reached skill level 1 in Dodging
  2034 | D        | Noticed a fire giant
  2041 | D        | Killed a fire giant
  2052 | D        | Found a transporter.
  2097 | D        | Got the ring of the Three Cities {rPois rF+ rC+ MR+}
  2105 | D        | Entered arena 21.
  2117 | D        | Reached skill level 5 in Dodging
  2121 | D        | Noticed a ghoul
  2121 | D        | Noticed a ghoul
  2135 | D        | Killed a ghoul
  2140 | D        | Killed a ghoul
  2167 | D        | Got the cursed ring of the Jolly Beggars {+Blink AC-3 Int+5
                  | Stlth-}
  2191 | D        | Found the +6 lightning scales {run, rElec}
  2191 | D        | Found a transporter.
  2203 | D        | Entered arena 22.
  2272 | D        | Reached XP level 16. HP: 146/157 MP: 27/27
  2294 | D        | Found a transporter.
  2321 | D        | Entered arena 23.
  2344 | D        | Found the amulet of the Air {Inacc +Fly rElec EV+5 RMsl}
  2358 | D        | Reached skill level 10 in Dodging
  2358 | D        | Noticed a lich
  2379 | D        | Killed a lich
  2462 | D        | Found a transporter.
  2485 | D        | Got the ring of Giexkel {rElec MP+9 Int+4}
  2496 | D        | Entered arena 24.
  2518 | D        | Noticed a shadow dragon
  2518 | D        | Noticed a shadow dragon
  2518 | D        | Noticed a lich
  2518 | D        | Noticed a shadow dragon
  2518 | D        | Noticed a lich
  2519 | D        | Noticed a shadow dragon
  2525 | D        | Noticed a shadow dragon
  2534 | D        | Killed a lich
  2534 | D        | Killed a shadow dragon
  2538 | D        | Killed a shadow dragon
  2541 | D        | Killed a lich
  2546 | D        | Noticed a lich
  2547 | D        | Killed a shadow dragon
  2548 | D        | Killed a shadow dragon
  2552 | D        | Noticed a lich
  2553 | D        | Noticed a shadow dragon
  2562 | D        | Killed a shadow dragon
  2562 | D        | Reached XP level 17. HP: 125/171 MP: 28/30
  2567 | D        | Killed a lich
  2568 | D        | Killed a lich
  2592 | D        | Killed a shadow dragon
  2770 | D        | Found a transporter.
  2784 | D        | Got the ring "Asan" {+Blink rPois rC+ MR+ Dex+3}
  2806 | D        | Entered arena 25.
  2886 | D        | Reached skill level 27 in Fighting
  2972 | D        | Noticed an acid blob
  2973 | D        | Gained mutation: Your magical capacity is low. (-10% MP) [a
                  | shining eye]
  2984 | D        | Killed an acid blob
  2996 | D        | Reached skill level 15 in Dodging
  3002 | D        | Gained mutation: Armour fits poorly on your strangely
                  | shaped body. [a shining eye]
  3027 | D        | Noticed an acid blob
  3040 | D        | Killed an acid blob
  3040 | D        | Reached XP level 18. HP: 104/182 MP: 30/30
  3147 | D        | Found a transporter.
  3174 | D        | Got the +4 pair of gloves "Movvevong" {rPois Regen+ Int+4}
  3195 | D        | Entered arena 26.
  3334 | D        | Found the +3 crown of Dyrovepreva {rElec Int+2 SInv}
  3334 | D        | Found a transporter.
  3343 | D        | Got the ring of Jories {+Blink rPois}
  3363 | D        | Got the ring "Bujaikly" {rPois rF+ MR++ Str+4}
  3378 | D        | Got the ring of Cheibriados's Favour {+Blink rF+ Int+5
                  | Dex+4 Slay+2 SInv}
  3390 | D        | Entered arena 27.
  3441 | D        | Noticed a quicksilver dragon
  3443 | D        | Noticed a quicksilver dragon
  3445 | D        | Noticed a quicksilver dragon
  3450 | D        | Noticed a quicksilver dragon
  3453 | D        | Killed a quicksilver dragon
  3457 | D        | Killed a quicksilver dragon
  3490 | D        | Killed a quicksilver dragon
  3494 | D        | Noticed a quicksilver dragon
  3494 | D        | Noticed a quicksilver dragon
  3503 | D        | Killed a quicksilver dragon
  3508 | D        | Killed a quicksilver dragon
  3518 | D        | Noticed a quicksilver dragon
  3520 | D        | Reached skill level 27 in Invocations
  3523 | D        | Killed a quicksilver dragon
  3527 | D        | Noticed a quicksilver dragon
  3529 | D        | Reached XP level 19. HP: 40/189 MP: 32/32
  3540 | D        | Reached skill level 27 in Axes
  3543 | D        | Reached skill level 27 in Shields
  3722 | D        | Found a transporter.
  3761 | D        | Got the cursed ring of Pifi {+Blink Str-2 Int+3}
  3772 | D        | Identified a +0 pair of boots of running (You found it in
                  | the Dungeon)
  3779 | D        | Got an ancient chain mail
  3780 | D        | Identified the +8 chain mail "Aschiuf" {Regen+ Str-3 Dex+8
                  | SInv} (You acquired it in the Dungeon)
  3813 | D        | Entered arena 28.
  3950 | D        | Identified a +7 executioner's axe of holy wrath (a +5
                  | executioner's axe of freezing blessed by the Shining One)
  3950 | D        | Received a gift from the Shining One
  3959 | D        | Noticed an iron giant
  3969 | D        | Killed an iron giant
  3995 | D        | Found the +9 scales of the Dragon King {rPois rF+ rC+ MR+}
  3996 | D        | Found a transporter.
  4015 | D        | Got the ring "Fonetris" {rPois Int+5}
  4063 | D        | Got the Orb of Zot
  4068 | D        | Escaped with the Orb!

Vault maps used:
D:        sprint_v

Skill      XL: |  1  2  3  4  5  6  7  8  9 10 11 12 13 14 15 16 17 18 19 |
---------------+----------------------------------------------------------+-----
Axes           | 7 9 11 12 13 15 16 17 18 19 20 22 23 24 26 27 | 27.0
Fighting       | 6 9 10 11 13 14 16 17 19 21 23 25 27 | 27.0
Armour         | 5 9 11 12 14 17 18 20 21 22 25 | 25.3
Invocations    | 10 13 15 18 23 27 | 27.0
Shields        | 10 14 16 19 20 26 27 | 27.0
Dodging        | 9 11 15 16 19 | 19.8

Action                   |  1- 3 |  4- 6 |  7- 9 | 10-12 | 13-15 | 16-18 | 19-21 || total
-------------------------+-------+-------+-------+-------+-------+-------+-------++-------
Melee: Broad axe         |     6 |     6 |     6 |       |       |       |       ||    18
       Battleaxe         |       |       |    26 |   130 |   153 |    53 |       ||   362
       Executioner's axe |       |       |       |       |   112 |   269 |    85 ||   466
Invok: Cleansing Flame   |       |       |       |       |       |     2 |     5 ||     7
       Divine Shield     |       |       |       |       |       |     1 |     1 ||     2
       Summon Divine War |       |       |       |       |       |       |     1 ||     1
       Brand Weapon With |       |       |       |       |       |       |     1 ||     1
  Use: Potion            |     1 |       |       |       |     7 |     6 |     4 ||    18
       Scroll            |       |       |     1 |     1 |     1 |     1 |     6 ||    10
  Eat: Chunk             |       |       |       |     1 |     2 |     1 |       ||     4
       Ration            |       |       |       |       |     1 |     1 |     1 ||     3
Armor: Plate armour      |     4 |     2 |    24 |    55 |   114 |   187 |     9 ||   395
       Gold dragon scale |       |       |       |       |       |       |     4 ||     4
Dodge: Dodged            |     2 |     1 |     2 |    25 |    67 |   172 |    17 ||   286
Block: Shield            |     2 |       |    17 |    74 |   231 |   317 |    94 ||   735

Table legend:
 A = Non-vault XP
 B = Vault XP
 C = Vault XP percentage of total XP
 D = Non-vault monster count
 E = Vault monster count
 F = Vault count percentage of total count
                 A         B        C        D         E       F
            +---------+---------+-------+---------+---------+-------
      Total |    3220 |  306503 |  99.0 |      10 |     499 |  98.0
            +---------+---------+-------+---------+---------+-------
          D |    3220 |  306503 |  99.0 |      10 |     499 |  98.0
            +---------+---------+-------+---------+---------+-------
